| TOP OF THE 1ST |
|
Cedar Rapids Kernels batting - Pitching for Quad Cities River Bandits : RHP Manny Bonilla
|
|
Pitching: RHP Manny Bonilla
|
|
|
Batting: LHB Chris Munguia
|
0-0: Called Strike 0-1: Ball 1-1: Ball 2-1: Foul Ball, location: 2F 2-2: Strikes out swinging
|
|
Batting: LHB David Campbell
|
0-0: Ball 1-0: Ball 2-0: Called Strike 2-1: Ball 3-1: Called Strike 3-2: Base on Balls
|
|
Batting: SHB Dan Morataya
|
0-0: Ball 1-0: Ball 2-0: Ball 3-0: Called Strike 3-1: Fielders Choice at 2nd, 4-6 (Groundball, 4, EV 80.6 MPH)
|
|
Batting: LHB Israel Montoya
|
0-0: Ball 1-0: Ball Dan Morataya steals 2nd base 2-0: Ball 3-0: Called Strike 3-1: Foul Ball, location: 2F 3-2: Foul Ball, location: 2F 3-2: Strikes out looking
|
| Top of the 1st over - 0 runs, 0 hits, 0 errors, 1 left on base; Cedar Rapids 0 - Quad Cities 0 |
| BOTTOM OF THE 1ST |
|
Quad Cities River Bandits batting - Pitching for Cedar Rapids Kernels : LHP Kazuo Nishihara
|
|
Pitching: LHP Kazuo Nishihara
|
|
|
Batting: RHB Xavier Castaneda
|
0-0: Ball 1-0: Called Strike 1-1: Ball 2-1: Called Strike 2-2: Foul Ball, location: 2F 2-2: Strikes out swinging
|
|
Batting: LHB Danny Wolver
|
0-0: Foul Ball, location: 2F 0-1: Ball 1-1: Swinging Strike 1-2: Foul Ball, location: 2F 1-2: Strikes out looking
|
|
Batting: RHB Juan Mendoza
|
0-0: Swinging Strike 0-1: Swinging Strike 0-2: Ball 1-2: Ball 2-2: Strikes out swinging
|
| Bottom of the 1st over - 0 runs, 0 hits, 0 errors, 0 left on base; Cedar Rapids 0 - Quad Cities 0 |
| TOP OF THE 2ND |
|
Cedar Rapids Kernels batting - Pitching for Quad Cities River Bandits : RHP Manny Bonilla
|
|
Batting: RHB Ryan Gautney
|
0-0: Called Strike 0-1: Ball 1-1: Ball 2-1: Fly out, F9 (Flyball, 9, EV 89.4 MPH)
|
|
Batting: RHB Michael McDonald
|
0-0: Called Strike 0-1: Ball 1-1: Swinging Strike 1-2: Ball 2-2: Foul Ball, location: 2F 2-2: Foul Ball, location: 2F 2-2: Strikes out swinging
|
|
Batting: RHB Tony Crespo
|
0-0: Ball 1-0: Foul Ball, location: 2F 1-1: Called Strike 1-2: Foul Ball, location: 2F 1-2: Strikes out looking
|
| Top of the 2nd over - 0 runs, 0 hits, 0 errors, 0 left on base; Cedar Rapids 0 - Quad Cities 0 |
| BOTTOM OF THE 2ND |
|
Quad Cities River Bandits batting - Pitching for Cedar Rapids Kernels : LHP Kazuo Nishihara
|
|
Batting: RHB Jordan Williams
|
0-0: Called Strike 0-1: Ball 1-1: Called Strike 1-2: Fly out, F7 (Flyball, 7LS, EV 90.0 MPH)
|
|
Batting: LHB Josh Birkner
|
0-0: Ball 1-0: Called Strike 1-1: Ball 2-1: Fly out, F7 (Flyball, 7S, EV 90.0 MPH)
|
|
Batting: RHB Nick Deegan
|
0-0: Foul Ball, location: 2F 0-1: Foul Ball, location: 2F 0-2: Foul Ball, location: 2F 0-2: Ball 1-2: Foul Ball, location: 2F 1-2: Strikes out swinging
|
| Bottom of the 2nd over - 0 runs, 0 hits, 0 errors, 0 left on base; Cedar Rapids 0 - Quad Cities 0 |
| TOP OF THE 3RD |
|
Cedar Rapids Kernels batting - Pitching for Quad Cities River Bandits : RHP Manny Bonilla
|
|
Batting: RHB David Nardone
|
0-0: Ball 1-0: Called Strike 1-1: Foul Ball, location: 2F 1-2: Foul Ball, location: 2F 1-2: Strikes out swinging
|
|
Batting: RHB Dave Berry
|
0-0: Ball 1-0: Called Strike 1-1: Ball 2-1: Ground out 3-1 (Groundball, 34S, EV 81.9 MPH)
|
|
Batting: LHB Chris Munguia
|
0-0: Called Strike 0-1: DOUBLE (Flyball, 78D, EV 107.5 MPH)
|
|
Batting: LHB David Campbell
|
0-0: Ball 1-0: Swinging Strike 1-1: Swinging Strike 1-2: Strikes out swinging
|
| Top of the 3rd over - 0 runs, 1 hit, 0 errors, 1 left on base; Cedar Rapids 0 - Quad Cities 0 |
| BOTTOM OF THE 3RD |
|
Quad Cities River Bandits batting - Pitching for Cedar Rapids Kernels : LHP Kazuo Nishihara
|
|
Batting: RHB Ryan Salas
|
0-0: Foul Ball, location: 2F 0-1: Ball 1-1: Ball 2-1: Swinging Strike 2-2: Strikes out swinging
|
|
Batting: RHB Kieron Clark
|
0-0: Ball 1-0: Fly out, F7 (Flyball, 7, EV 78.1 MPH)
|
|
Batting: SHB Salvador Gomez
|
0-0: Ball 1-0: Ball 2-0: Ball 3-0: Called Strike 3-1: Swinging Strike 3-2: Fly out, F5 (Popup, 5SF, EV 85.0 MPH)
|
| Bottom of the 3rd over - 0 runs, 0 hits, 0 errors, 0 left on base; Cedar Rapids 0 - Quad Cities 0 |
| TOP OF THE 4TH |
|
Cedar Rapids Kernels batting - Pitching for Quad Cities River Bandits : RHP Manny Bonilla
|
|
Batting: SHB Dan Morataya
|
0-0: Ball 1-0: Foul Ball, location: 2F 1-1: Ball 2-1: Swinging Strike 2-2: Foul Ball, location: 2F 2-2: SINGLE (Line Drive, 34D, EV 100.0 MPH)
|
|
Batting: LHB Israel Montoya
|
0-0: Ball 1-0: Swinging Strike 1-1: SINGLE (Line Drive, 7LM, EV 85.6 MPH) Dan Morataya to second
|
|
Batting: RHB Ryan Gautney
|
0-0: Foul Ball, location: 2F 0-1: Ball 1-1: Ball 2-1: Ball 3-1: Base on Balls Dan Morataya to third Israel Montoya to second
|
|
Batting: RHB Michael McDonald
|
0-0: Ball 1-0: Ball 2-0: Ball 3-0: Called Strike 3-1: Foul Ball, location: 2F 3-2: Strikes out swinging
|
|
Batting: RHB Tony Crespo
|
0-0: Ball 1-0: Ball 2-0: Called Strike 2-1: Ball 3-1: Foul Ball, location: 2F 3-2: Foul Ball, location: 2F 3-2: Fly out, F9 (Flyball, 9D, EV 100.0 MPH) Runner from 3rd tags up, SCORES, throw by RF Israel Montoya to third
|
|
Batting: RHB David Nardone
|
0-0: Swinging Strike 0-1: Ball 1-1: Foul Ball, location: 2F 1-2: Ball 2-2: Ball 3-2: Foul Ball, location: 2F 3-2: 3-RUN HOME RUN (Line Drive, 7D, EV 106.9 MPH), Distance : 394 ft
|
|
Batting: RHB Dave Berry
|
0-0: Called Strike 0-1: Swinging Strike 0-2: Fly out, F9 (Line Drive, 9S, EV 98.8 MPH)
|
| Top of the 4th over - 4 runs, 3 hits, 0 errors, 0 left on base; Cedar Rapids 4 - Quad Cities 0 |
| BOTTOM OF THE 4TH |
|
Quad Cities River Bandits batting - Pitching for Cedar Rapids Kernels : LHP Kazuo Nishihara
|
|
Batting: RHB Xavier Castaneda
|
0-0: Called Strike 0-1: Ball 1-1: Called Strike 1-2: Strikes out swinging
|
|
Batting: LHB Danny Wolver
|
0-0: Foul Ball, location: 2F 0-1: Fly out, F7 (Flyball, 7S, EV 76.9 MPH)
|
|
Batting: RHB Juan Mendoza
|
0-0: Ball 1-0: Ball 2-0: Foul Ball, location: 2F 2-1: Swinging Strike 2-2: Ball 3-2: Strikes out looking
|
| Bottom of the 4th over - 0 runs, 0 hits, 0 errors, 0 left on base; Cedar Rapids 4 - Quad Cities 0 |
| TOP OF THE 5TH |
|
Cedar Rapids Kernels batting - Pitching for Quad Cities River Bandits : RHP Manny Bonilla
|
|
Batting: LHB Chris Munguia
|
0-0: Ball 1-0: Ball 2-0: Ball 3-0: Base on Balls
|
|
Batting: LHB David Campbell
|
0-0: Called Strike Chris Munguia steals 2nd base (no throw) 0-1: Ball 1-1: Fly out, F9 (Flyball, 89S, EV 89.4 MPH)
|
|
Batting: SHB Dan Morataya
|
0-0: Swinging Strike 0-1: Called Strike 0-2: SINGLE (Groundball, 4MD, EV 107.5 MPH) Chris Munguia to third
|
|
Pitching: RHP Arsène Serre
|
|
|
Batting: LHB Israel Montoya
|
0-0: Ball 1-0: Foul Ball, location: 2F 1-1: Swinging Strike Passed Ball! Chris Munguia scores Dan Morataya to second 1-2: Ball 2-2: Ball 3-2: Base on Balls
|
|
Batting: RHB Ryan Gautney
|
0-0: Reached on error, E7 (Line Drive, 7S, EV 89.4 MPH) Dan Morataya to third Israel Montoya to second
|
|
Batting: RHB Michael McDonald
|
0-0: Ball 1-0: Called Strike 1-1: SINGLE (Groundball, 34D, EV 103.8 MPH) Dan Morataya scores Israel Montoya to third Ryan Gautney to second
|
|
Batting: RHB Tony Crespo
|
0-0: Foul Ball, location: 2F 0-1: Ball Wild Pitch! Israel Montoya scores Ryan Gautney to third Michael McDonald to second 1-1: DOUBLE (Groundball, 5L, EV 106.9 MPH) Ryan Gautney scores Michael McDonald scores
|
|
Batting: RHB David Nardone
|
0-0: Called Strike 0-1: Foul Ball, location: 2F 0-2: Ball 1-2: Strikes out swinging
|
|
Batting: RHB Dave Berry
|
0-0: Called Strike 0-1: DOUBLE (Flyball, 8LXD, EV 92.5 MPH) Tony Crespo scores
|
|
Pitching: RHP Scott Spillman
|
|
|
Batting: LHB Chris Munguia
|
0-0: Called Strike 0-1: Ball 1-1: Called Strike 1-2: Ball 2-2: Foul Ball, location: 2F 2-2: Strikes out swinging
|
| Top of the 5th over - 6 runs, 4 hits, 1 error, 1 left on base; Cedar Rapids 10 - Quad Cities 0 |
| BOTTOM OF THE 5TH |
|
Quad Cities River Bandits batting - Pitching for Cedar Rapids Kernels : LHP Kazuo Nishihara
|
|
Batting: RHB Jordan Williams
|
0-0: Ball 1-0: Called Strike 1-1: Ball 2-1: Ground out 6-3 (Groundball, 6, EV 82.5 MPH)
|
|
Batting: LHB Josh Birkner
|
0-0: Ball 1-0: Called Strike 1-1: Swinging Strike 1-2: Foul Ball, location: 2F 1-2: Ball 2-2: Ball 3-2: Strikes out swinging
|
|
Batting: RHB Nick Deegan
|
0-0: Ground out 3-1 (Groundball, 34S, EV 88.8 MPH)
|
| Bottom of the 5th over - 0 runs, 0 hits, 0 errors, 0 left on base; Cedar Rapids 10 - Quad Cities 0 |
| TOP OF THE 6TH |
|
Cedar Rapids Kernels batting - Pitching for Quad Cities River Bandits : RHP Scott Spillman
|
|
Batting: LHB David Campbell
|
0-0: Ball 1-0: Ball 2-0: Ball 3-0: Base on Balls
|
|
Batting: SHB Dan Morataya
|
0-0: Foul Ball, location: 2F 0-1: Ball 1-1: SINGLE (Line Drive, 6MD, EV 96.2 MPH) David Campbell to second
|
|
Batting: LHB Israel Montoya
|
0-0: Ball Passed Ball! David Campbell to third Dan Morataya to second 1-0: Reached on error, E3 (Groundball, 3, EV 84.4 MPH) David Campbell scores Dan Morataya to third
|
|
Batting: RHB Ryan Gautney
|
0-0: Fly out, F9 (Line Drive, 9D, EV 105.0 MPH) Runner from 3rd tags up, SCORES, no throw by RF
|
|
Batting: RHB Michael McDonald
|
0-0: Swinging Strike 0-1: Foul Ball, location: 2F 0-2: Ball 1-2: Ball 2-2: Strikes out swinging
|
|
Batting: RHB Tony Crespo
|
0-0: Ball 1-0: Ball 2-0: Ball 3-0: Called Strike 3-1: Base on Balls Israel Montoya to second
|
|
Batting: RHB David Nardone
|
0-0: Ball 1-0: Ball 2-0: SINGLE (Groundball, 6MD, EV 96.9 MPH) Israel Montoya to third Tony Crespo to second
|
|
Batting: RHB Dave Berry
|
0-0: Fly out, F9 (Flyball, 9LM, EV 96.9 MPH)
|
| Top of the 6th over - 2 runs, 2 hits, 1 error, 3 left on base; Cedar Rapids 12 - Quad Cities 0 |
| BOTTOM OF THE 6TH |
|
Quad Cities River Bandits batting - Pitching for Cedar Rapids Kernels : LHP Kazuo Nishihara
|
|
Batting: RHB Ryan Salas
|
0-0: Called Strike 0-1: Ball 1-1: Called Strike 1-2: Strikes out swinging
|
|
Batting: RHB Kieron Clark
|
0-0: Fly out, F9 (Flyball, 9, EV 83.1 MPH)
|
|
Batting: SHB Salvador Gomez
|
0-0: Called Strike 0-1: Ground out 4-3 (Groundball, 4, EV 88.1 MPH)
|
| Bottom of the 6th over - 0 runs, 0 hits, 0 errors, 0 left on base; Cedar Rapids 12 - Quad Cities 0 |
| TOP OF THE 7TH |
|
Cedar Rapids Kernels batting - Pitching for Quad Cities River Bandits : RHP Scott Spillman
|
|
Batting: LHB Chris Munguia
|
0-0: Ball 1-0: Called Strike 1-1: Ball 2-1: Ball 3-1: Foul Ball, location: 2F 3-2: Ground out 6-3 (Groundball, 6, EV 84.4 MPH)
|
|
Pinch Hitting: RHB Jimmy Mayville
|
0-0: Called Strike 0-1: Foul Ball, location: 2F 0-2: Strikes out swinging
|
|
Batting: SHB Dan Morataya
|
0-0: Ball 1-0: Foul Ball, location: 2F 1-1: Ball 2-1: Ball 3-1: Base on Balls
|
|
Pitching: LHP Dzintars Balodis
|
|
|
Batting: LHB Israel Montoya
|
0-0: Ball 1-0: Foul Ball, location: 2F 1-1: Ball 2-1: Ball 3-1: Foul Ball, location: 2F 3-2: Strikes out swinging
|
| Top of the 7th over - 0 runs, 0 hits, 0 errors, 1 left on base; Cedar Rapids 12 - Quad Cities 0 |
| BOTTOM OF THE 7TH |
|
Quad Cities River Bandits batting - Pitching for Cedar Rapids Kernels : LHP Kazuo Nishihara
|
|
Now at 1B: Jimmy Mayville
|
|
|
Batting: RHB Xavier Castaneda
|
0-0: Fly out, F6 (Line Drive, 6M, EV 72.5 MPH)
|
|
Batting: LHB Danny Wolver
|
0-0: TRIPLE (Line Drive, 9LD, EV 105.0 MPH)
|
|
Batting: RHB Juan Mendoza
|
0-0: Ball 1-0: Ball 2-0: Swinging Strike 2-1: Fly out, F7 (Line Drive, 7, EV 102.5 MPH) Runner from 3rd tags up, SCORES, throw by LF
|
|
Batting: RHB Jordan Williams
|
0-0: Called Strike 0-1: Foul Ball, location: 2F 0-2: Strikes out swinging
|
| Bottom of the 7th over - 1 run, 1 hit, 0 errors, 0 left on base; Cedar Rapids 12 - Quad Cities 1 |
| TOP OF THE 8TH |
|
Cedar Rapids Kernels batting - Pitching for Quad Cities River Bandits : LHP Dzintars Balodis
|
|
Pinch Hitting: RHB Andrew Nicol
|
0-0: Hit by Pitch
|
|
Batting: RHB Michael McDonald
|
0-0: SINGLE (Line Drive, 3D, EV 95.0 MPH) Andrew Nicol to second Andrew Nicol to third
|
|
Batting: RHB Tony Crespo
|
0-0: Called Strike 0-1: Ball 1-1: Ball 2-1: Ball 3-1: Foul Ball, location: 2F 3-2: Foul Ball, location: 2F 3-2: Strikes out looking
|
|
Batting: RHB David Nardone
|
0-0: Ball 1-0: SINGLE (Groundball, 4MD, EV 102.5 MPH) Andrew Nicol scores Michael McDonald to second
|
|
Batting: RHB Dave Berry
|
0-0: Called Strike 0-1: Foul Ball, location: 2F 0-2: Ball 1-2: Ball 2-2: Strikes out swinging
|
|
Batting: LHB Chris Munguia
|
0-0: Foul Ball, location: 2F 0-1: Ball 1-1: Ball 2-1: DOUBLE (Flyball, 78XD, EV 106.9 MPH) Michael McDonald scores David Nardone to third
|
|
Batting: RHB Jimmy Mayville
|
0-0: Ball 1-0: Ball 2-0: Ball 3-0: Called Strike 3-1: Base on Balls
|
|
Batting: SHB Dan Morataya
|
0-0: Called Strike 0-1: Foul Ball, location: 2F 0-2: Ball 1-2: Fly out, F9 (Flyball, 9D, EV 96.2 MPH)
|
| Top of the 8th over - 2 runs, 3 hits, 0 errors, 3 left on base; Cedar Rapids 14 - Quad Cities 1 |
| BOTTOM OF THE 8TH |
|
Quad Cities River Bandits batting - Pitching for Cedar Rapids Kernels : LHP Kazuo Nishihara
|
|
Now at 3B: Andrew Nicol
|
|
|
Batting: LHB Josh Birkner
|
0-0: Ball 1-0: Foul Ball, location: 2F 1-1: Foul Ball, location: 2F 1-2: Ball 2-2: Strikes out looking
|
|
Batting: RHB Nick Deegan
|
0-0: Foul Ball, location: 2F 0-1: Called Strike 0-2: Foul Ball, location: 2F 0-2: Foul Ball, location: 2F 0-2: Foul Ball, location: 2F 0-2: Ball 1-2: Strikes out swinging
|
|
Batting: RHB Ryan Salas
|
0-0: Ball 1-0: SINGLE (Line Drive, 89M, EV 104.4 MPH)
|
|
Batting: RHB Kieron Clark
|
0-0: Ball 1-0: Called Strike 1-1: Ball 2-1: Fly out, F4 (Popup, 4, EV 77.5 MPH)
|
| Bottom of the 8th over - 0 runs, 1 hit, 0 errors, 1 left on base; Cedar Rapids 14 - Quad Cities 1 |
| TOP OF THE 9TH |
|
Cedar Rapids Kernels batting - Pitching for Quad Cities River Bandits : LHP Dzintars Balodis
|
|
Batting: LHB Israel Montoya
|
0-0: Swinging Strike 0-1: Swinging Strike 0-2: Ball 1-2: Foul Ball, location: 2F 1-2: Ball 2-2: Foul Ball, location: 2F 2-2: Strikes out looking
|
|
Pitching: RHP Bobby Dunn
|
|
|
Batting: RHB Andrew Nicol
|
0-0: Ground out 5-3 (Groundball, 56, EV 88.1 MPH)
|
|
Pinch Hitting: RHB Graham Calvert
|
0-0: Ball 1-0: Called Strike 1-1: Ball 2-1: Ball 3-1: Foul Ball, location: 2F 3-2: Foul Ball, location: 2F 3-2: Base on Balls
|
|
Batting: RHB Tony Crespo
|
0-0: Called Strike 0-1: Foul Ball, location: 2F 0-2: Ball 1-2: Foul Ball, location: 2F 1-2: Strikes out swinging
|
| Top of the 9th over - 0 runs, 0 hits, 0 errors, 1 left on base; Cedar Rapids 14 - Quad Cities 1 |
| BOTTOM OF THE 9TH |
|
Quad Cities River Bandits batting - Pitching for Cedar Rapids Kernels : LHP Kazuo Nishihara
|
|
Pitching: LHP Josh Armstrong
|
|
|
Now at C: Graham Calvert
|
|
|
Batting: SHB Salvador Gomez
|
0-0: Swinging Strike 0-1: Ball 1-1: Fly out, F4 (Line Drive, 4, EV 65.0 MPH)
|
|
Batting: RHB Xavier Castaneda
|
0-0: Ball 1-0: Ball 2-0: Ball 3-0: Base on Balls
|
|
Batting: LHB Danny Wolver
|
0-0: Called Strike 0-1: Fly out, F6 (Popup, 6S, EV 81.9 MPH)
|
|
Batting: RHB Juan Mendoza
|
0-0: Ball 1-0: Swinging Strike 1-1: Ball 2-1: DOUBLE (Groundball, 5L, EV 103.1 MPH) Xavier Castaneda to third
|
|
Batting: RHB Jordan Williams
|
0-0: Ball 1-0: Ball 2-0: Called Strike 2-1: Swinging Strike 2-2: Ball 3-2: Fly out, F7 (Flyball, 7D, EV 101.9 MPH)
|
| Bottom of the 9th over - 0 runs, 1 hit, 0 errors, 2 left on base; Cedar Rapids 14 - Quad Cities 1 |
|